 Dungeon Crawl Stone Soup version 0.17.1-3-g152610e (webtiles) character file.

96 Stendarr the Firebug (level 4, 0/39 HPs)
             Began as a Troll Fire Elementalist on Apr 12, 2016.
             Killed from afar by Sigmund (6 damage)
             ... with a puff of flame
             ... on level 3 of the Dungeon on Apr 13, 2016.
             The game lasted 00:11:12 (2075 turns).

Stendarr the Firebug (Troll Fire Elementalist)      Turns: 2075, Time: 00:11:12

Health: 0/39       AC:  5    Str: 16    XL:     4   Next: 41%
Magic:  3/4        EV:  9    Int: 12    God:
Gold:   125        SH:  0    Dex: 10    Spells: 2 memorised, 1 level left

rFire  + . .     SeeInvis .     p - +2 dagger (elec)
rCold  x . .     Clarity  .     a - +0 robe
rNeg   . . .     SustAt   .     (no shield)
rPois  .         Gourm    +     (helmet restricted)
rElec  .         Spirit   .     (no cloak)
rCorr  .         Warding  .     (gloves unavailable)
rMut   .         Stasis   .     (boots unavailable)
MR     .....                    (no amulet)
Stlth  +.........               (no ring)
                                q - ring of fire

@: confused, not resistant to hostile enchantments, very unstealthy
A: unfitting armour, claws 3, fast metabolism 3, gourmand, regeneration 2,
shaggy fur 1, tough skin 2
a: no special abilities


You were on level 3 of the Dungeon.
You were very full.

You visited 1 branch of the dungeon, and saw 3 of its levels.

You collected 125 gold pieces.

Inventory:

Hand Weapons
 p - a +2 dagger of electrocution (weapon)
Armour
 a - a +0 robe (worn)
Jewellery
 q - a ring of fire (left claw)
Scrolls
 e - 3 scrolls of remove curse {unknown}
 g - 2 scrolls of identify {unknown}
 h - 2 scrolls of fog {unknown}
 j - a scroll of teleportation {unknown}
 m - a scroll of blinking {unknown}
 o - a scroll of immolation {unknown}
Potions
 i - a potion of flight {unknown}
 k - 3 potions of ambrosia {unknown}
 l - a potion of cure mutation {unknown}
 n - 2 potions of curing {unknown}
 r - a potion of cancellation {unknown}
Books
 b - a book of Flames

   Spells                             Type                      Level
   a - Flame Tongue                   Conjuration/Fire             1
   b - Throw Flame                    Conjuration/Fire             2
   c - Conjure Flame                  Conjuration/Fire             3
   d - Inner Flame                    Hexes/Fire                   3
   e - Sticky Flame                   Conjuration/Fire             4
   f - Fireball                       Conjuration/Fire             5
Comestibles
 c - 3 bread rations
 d - 2 meat rations
 f - 3 fruits


   Skills:
 - Level 1.5 Dodging
 - Level 1.1 Stealth
 + Level 1.2 Spellcasting
 + Level 2.5 Conjurations
 + Level 2.8 Fire Magic


You had one spell level left.
You knew the following spells:

 Your Spells              Type           Power        Failure   Level  Hunger
a - Flame Tongue          Conj/Fire      ##...        12%         1    ##.....
b - Conjure Flame         Conj/Fire      ##......     30%         3    ####...


Dungeon Overview and Level Annotations

Branches:
Dungeon (3/15)

Altars:

Annotations:
D:3 Sigmund


Innate Abilities, Weirdness & Mutations

You are too large for most types of armour.
You have claws for hands.
Your metabolism is lightning-fast.
You like to eat raw meat.
You heal very quickly.
You are covered in fur (AC +1).
You have very tough skin (AC +2).


Message History

You see here 8 gold pieces.
You feel less confused.
A magic dart appears from out of thin air!
The magic dart hits you!
* * * LOW HITPOINT WARNING * * *
You are confused.
You're too confused to cast spells.
You're too confused!
Unknown command.
You hear some strange, mumbled words.
You are more confused.
You bump into the rock wall.
Something hits you!
* * * LOW HITPOINT WARNING * * *
Something hits you.
* * * LOW HITPOINT WARNING * * *
You bump into the rock wall.
A puff of flame appears from out of thin air!
The puff of flame hits you! You resist.
You die...

## #.####......### ...
#....#......... ...#
#........... #..#
###.........#
#..###....(.....## ##
#........).....# ...
##............# #.#
####......#......#
##..######..@..##..##.##.##
........#..#...##..##.# ...
#............####..#..##
### #......###### #......##
#......# ######....#..###
#......####......#####...#
#....>$.$.<......# ###.#
##.###....#.....## #.# #.
#.####.....# #.##


There were no monsters in sight!

Vanquished Creatures
  Terence (D:2)
  2 adders (D:2)
  A worm (D:2)
  3 giant geckos
  9 goblins
  7 hobgoblins
  3 jackals (D:2)
  6 kobolds
  A quokka (D:2)
  4 bats
  5 giant newts (D:1)
  3 rats
45 creatures vanquished.

Notes
Turn   | Place    | Note
--------------------------------------------------------------
     0 | D:1      | Stendarr the Troll Fire Elementalist began the quest for the Orb.
     0 | D:1      | Reached XP level 1. HP: 16/16 MP: 1/1
    77 | D:1      | Reached skill level 1 in Conjurations
   163 | D:1      | Reached XP level 2. HP: 18/24 MP: 2/2
   911 | D:2      | Reached XP level 3. HP: 16/31 MP: 0/3
  1412 | D:2      | Noticed Terence
  1418 | D:2      | Killed Terence
  1418 | D:2      | Reached XP level 4. HP: 39/39 MP: 0/4
  1453 | D:2      | Learned a level 3 spell: Conjure Flame
  1598 | D:2      | Found a faded altar to an unknown god.
  1928 | D:3      | Noticed Sigmund
  2075 | D:3      | Killed from afar by Sigmund

Action                   |  1- 3 |  4- 6 || total
-------------------------+-------+-------++-------
Melee: Unarmed           |    90 |       ||    90
       Dagger            |    15 |    45 ||    60
 Cast: Flame Tongue      |    11 |     9 ||    20
 Stab: Sleeping          |       |     1 ||     1
  Eat: Chunk             |    19 |     5 ||    24
